 Dungeon Crawl Stone Soup version 0.20-a0-493-g19c8d8d (webtiles) character file.

695 Duffy the Chopper (level 7, -1/56 HPs)
             Began as a Demigod Fighter on Jan 16, 2017.
             Slain by an orc warrior
             ... wielding a cursed -3 glaive
              (15 damage)
             ... on level 5 of the Dungeon.
             The game lasted 00:06:16 (4839 turns).

Duffy the Chopper (Demigod Fighter)                 Turns: 4839, Time: 00:06:18

Health: -1/56      AC: 11    Str: 23    XL:     7   Next: 14%
Magic:  9/9        EV:  5    Int: 12    God:
Gold:   261        SH: 16    Dex: 15    Spells: 6/6 levels left

rFire    . . .     SeeInvis .   a - +0 war axe
rCold    . . .     Gourm    .   p - +0 chain mail
rNeg     . . .     Faith    .   c - +0 shield
rPois    .         Spirit   .   (no helmet)
rElec    .         Reflect  +   i - +0 cloak
rCorr    .         Harm     .   C - +0 pair of gloves
MR       .....                  (no boots)
Stlth    ..........             s - +6 amulet of reflection
Regen    0.2/turn               (no ring)
                                (no ring)

@: no status effects
A: high mp 1
a: no special abilities


You were on level 5 of the Dungeon.
You were very hungry.

You visited 1 branch of the dungeon, and saw 6 of its levels.

You collected 261 gold pieces.

Inventory:

Hand Weapons
 a - a +0 war axe (weapon)
 e - a +0 morningstar
Armour
 b - a +0 scale mail
 c - a +0 shield (worn)
 i - a +0 cloak (worn)
 p - a +0 chain mail (worn)
 C - a +0 pair of gloves (worn)
Jewellery
 s - a +6 amulet of reflection (around neck)
Scrolls
 k - a scroll of teleportation {unknown}
 m - a scroll of noise {unknown}
 o - a scroll of blinking
 r - a scroll of remove curse
 u - a scroll of enchant armour {unknown}
 x - a scroll of recharging {unknown}
 y - a scroll of amnesia {unknown}
 A - a scroll of fear
Potions
 d - a potion of might
 h - 2 potions of heal wounds
 j - 2 potions of cancellation
 l - 2 potions of magic {unknown}
 n - a potion of invisibility {unknown}
 q - a potion of curing {unknown}
 v - 2 potions of lignification
 z - a potion of haste
 B - a potion of resistance {unknown}
Comestibles
 f - 5 bread rations
 t - a meat ration


   Skills:
 - Level 2.6 Fighting
 + Level 6.9 Axes
 + Level 3.4 Armour
 + Level 3.5 Shields


You had 6 spell levels left.
You didn't know any spells.

Dungeon Overview and Level Annotations

Branches:
Dungeon (6/15)
 Temple: D:4-7

Annotations:
D:4 1 runed door, Blork the orc, Grinder


Innate Abilities, Weirdness & Mutations

You have an increased reservoir of magic. (+10% MP)


Message History

The orc warrior barely misses you.
You slash the orc warrior!
The orc warrior is severely wounded.
The orc warrior hits you with an enchanted glaive!!
You are too injured to fight recklessly!
You are too injured to fight recklessly!
You are too injured to fight recklessly!
You are too injured to fight recklessly!
You are too injured to fight recklessly!
You are too injured to fight recklessly!
You are too injured to fight recklessly!
You are too injured to fight recklessly!
You are too injured to fight recklessly!
You are too injured to fight recklessly!
You are too injured to fight recklessly!
You are too injured to fight recklessly!
You are too injured to fight recklessly!
There is a stone staircase leading up here.
The orc warrior hits you from afar with an enchanted glaive!
You die...

##.........#
##..........##
#.........##
##....#......
##.........##
###.####....
#..........#
### ####.
##.........##
##
##.........# #
#.........#
##....<...##
##...o.@..#
#.......##
##.....##
#.#.### ##.###
#..# #..# #.##
#.##


You could see an orc warrior.

Vanquished Creatures
  An ice beast (D:5)
  An ogre (D:5)
  2 hounds (D:1)
  An orc priest (D:4)
  2 orc wizards
  A bullfrog skeleton (D:5)
  Terence (D:2)
  Jessica (D:3)
  3 worker ants
  3 gnolls
  9 adders
  An adder skeleton (D:5)
  A worm (D:3)
  3 dart slugs (D:2)
  4 leopard geckos
  16 orcs
  5 bats
  3 giant cockroaches
  8 goblins
  3 hobgoblins
  6 jackals
  A quokka (D:3)
  2 ball pythons
  14 kobolds
  11 rats
103 creatures vanquished.

Notes
Turn   | Place    | Note
-------+----------+-------------------------------------------
     0 | D:1      | Duffy the Demigod Fighter began the quest for the Orb.
     0 | D:1      | Reached XP level 1. HP: 18/18 MP: 3/3
   122 | D:1      | Reached skill level 2 in Axes
   435 | D:1      | Reached XP level 2. HP: 25/25 MP: 4/4
   887 | D:2      | Reached skill level 3 in Axes
  1017 | D:2      | Reached XP level 3. HP: 23/30 MP: 5/5
  1179 | D:2      | Found a sparkling altar of Nemelex Xobeh.
  1262 | D:1      | Reached skill level 4 in Axes
  1262 | D:1      | Reached XP level 4. HP: 17/37 MP: 6/6
  1977 | D:3      | Noticed Jessica
  1993 | D:3      | Killed Jessica
  1993 | D:3      | Reached XP level 5. HP: 42/42 MP: 7/7
  2013 | D:3      | Reached skill level 5 in Axes
  2065 | D:3      | Noticed Terence
  2383 | D:2      | Killed Terence
  3148 | D:4      | Noticed Grinder
  3190 | D:4      | Noticed Blork the orc
  3273 | D:3      | Reached skill level 6 in Axes
  3301 | D:5      | Entered Level 5 of the Dungeon
  3308 | D:4      | Reached XP level 6. HP: 50/50 MP: 8/8
  3385 | D:4      | Found a white marble altar of Elyvilon.
  3393 | D:4      | Noticed an angel
  3490 | D:4      | Found a runed door.
  3971 | D:5      | Found a glowing golden altar of the Shining One.
  3972 | D:5      | Found a white marble altar of Elyvilon.
  4144 | D:5      | Reached XP level 7. HP: 51/56 MP: 9/9
  4839 | D:5      | Slain by an orc warrior

Vault maps used:
D:1:      scummos_arrival_gate, minmay_tree_intersection, minmay_liquid_box,
          minmay_misc_feat_doors
D:2:      nemelex_xobeh_ov_fountains_minmay, serial_bayou_pond_d,
          minmay_hedge_maze, cheibrodos_gnoll_hut
D:3:      lemuel_castle_with_subvaults, first_bread, uniq_natasha, uniq_jessica,
          uniq_terence
D:4:      lemuel_angel_altar, uniq_blork_the_orc, uniq_grinder
D:5:      gammafunk_temple_overflow_statue
D:6:      kennysheep_generic_room_10

Skill      XL: |  1  2  3  4  5  6 |
---------------+-------------------+-----
Axes           | 2 3 4 6 |  6.9
Shields        | 3 |  3.5
Armour         | 3 |  3.4
Fighting       | |  2.6

Action                   |  1- 3 |  4- 6 |  7- 9 || total
-------------------------+-------+-------+-------++-------
Melee: War axe           |   111 |   257 |    40 ||   408
  Use: Scroll            |       |     5 |     2 ||     7
  Eat: Chunk             |     1 |    10 |     1 ||    12
Armor: Scale mail        |    31 |       |       ||    31
       Chain mail        |    28 |    97 |     9 ||   134
Dodge: Dodged            |    51 |    23 |     6 ||    80
Block: Shield            |    70 |   215 |    20 ||   305
       Reflection        |       |     4 |       ||     4
